 Dungeon Crawl Stone Soup version 0.31-a0-816-gd61d57ddb1 (webtiles) character file.

Game seed: 1577854096453461781

2203672 Ge0ff the Gloomy (level 27, 254/254 HPs)
             Began as a Minotaur Shapeshifter on Sept 22, 2023.
             Was an Initiate of Dithmenos.
             Escaped with the Orb
             ... and 4 runes on Sept 23, 2023!
             The game lasted 02:47:40 (79240 turns).

Ge0ff the Gloomy (Minotaur Shapeshifter)           Turns: 79240, Time: 02:47:40

Health: 254/254    AC: 44    Str: 35    XL:     27
Magic:  37/37      EV: 15    Int:  8    God:    Dithmenos [......]
Gold:   11383      SH: 25    Dex: 13    Spells: 26/26 levels left

rFire   + + +        a - +8 sacred scourge (holy)
rCold   + . .        J - +5 Storm Queen's Shield {shock, Fly rElec}
rNeg    + + +        L - +10 gold dragon scales
rPois   +            Q - +1 hat of Responsibility {rN++ Int-2 Dex+2 Slay+3}
rElec   +            G - +2 cloak {rCorr}
rCorr   +            O - +0 pair of gloves
SInv    +            k - +1 pair of boots of the Heavens {rCorr Str+3}
Will    +++..        c - amulet "Ekewkutun" {Reflect rPois rF+ SH+5} Stlth
                     g - ring "Texzesit" {Fly Will+}
HPRegen 0.62/turn    U - ring "Sunuoj" {rF++ rN+ Int+3 SInv Stlth+, =R}
MPRegen 0.25/turn

%: reflection
@: flying, studying Long Blades
A: horns 2, retaliatory headbutt, poison resistance
0: Orb of Zot
}: 4/15 runes: decaying, silver, abyssal, gossamer
a: Renounce Religion


You escaped.
You worshipped Dithmenos.
Dithmenos was noncommittal.
You visited 11 branches of the dungeon, and saw 51 of its levels.
You visited the Abyss 2 times.
You also visited: Trove, Sewer, Ossuary, Bailey, Gauntlet, Ice Cave and Volcano.

You collected 12295 gold pieces.
You spent 912 gold pieces at shops.

Inventory:

Hand Weapons
 a - a +8 sacred scourge of holy wrath (weapon)
 b - the +7 sceptre of Torment {pain, torment}
   (You found it on level 2 of the Crypt)
 f - the +9 great mace of Dawn {speed, rN+ Will+}
   (Okawaru gifted it to you on level 1 of the Lair of Beasts)

   rN+:       It protects you from negative energy.
   Will+:     It increases your willpower.
 h - the +4 eveningstar of Hoff {pain, *Rage rN+ Int+3}
   (You found it on level 3 of the Crypt)

   Int+3:     It affects your intelligence (+3).
   rN+:       It protects you from negative energy.
   *Rage:     It berserks you when you make melee attacks (+20% chance).
 D - a +9 vampiric great mace
 P - the +7 great mace "Firestarter" {flame, immolate, rFlCloud rF++}
   (You took it off a deep elf sorcerer on level 3 of the Elven Halls)

   rFlCloud:  It grants immunity to clouds of flame.
   rF++:      It greatly protects you from fire.
Missiles
 i - 63 javelins (quivered)
 t - 15 silver javelins
 v - 25 curare-tipped darts {=F}
 S - 21 darts of dispersal
Armour
 k - the +1 pair of boots of the Heavens (worn) {rCorr Str+3}
   (Okawaru gifted it to you on level 1 of the Lair of Beasts)

   Str+3:     It affects your strength (+3).
   rCorr:     It protects you from acid and corrosion.
 x - the +10 plate armour of the Thunderstorm {+Blink Dex+2 Slay+2}
   (You found it in a treasure trove)

   Dex+2:     It affects your dexterity (+2).
   Slay+2:    It affects your accuracy & damage with ranged weapons and melee
   (+2).
   +Blink:    It lets you blink.
 G - a +2 cloak of preservation (worn)
 J - the +5 Storm Queen's Shield (worn) {shock, Fly rElec}
   (You found it on level 3 of the Elven Halls)

   Shock:     When it blocks an attack, it may electrocute the attacker.
   This works even against foes who are a short distance away.
   rElec:     It insulates you from electricity.
   Fly:       It grants you flight.
 L - +10 gold dragon scales (worn)
 O - a +0 pair of gloves (worn)
 Q - the +1 hat of Responsibility (worn) {rN++ Int-2 Dex+2 Slay+3}
   (You found it in a Gauntlet)

   Int-2:     It affects your intelligence (-2).
   Dex+2:     It affects your dexterity (+2).
   Slay+3:    It affects your accuracy & damage with ranged weapons and melee
   (+3).
   rN++:      It greatly protects you from negative energy.
Jewellery
 c - the amulet "Ekewkutun" (around neck) {Reflect rPois rF+ SH+5}
   (You found it in a Gauntlet)

   [amulet of reflection]

   Reflect:   It reflects blocked missile attacks.
   rF+:       It protects you from fire.
   rPois:     It protects you from poison SH+5: It affects your SH (+5).
 g - the ring "Texzesit" (left hand) {Fly Will+}
   (You found it in a Gauntlet)

   [ring of flight]

   Will+:     It increases your willpower.
   Fly:       It grants you flight.
 z - a ring of poison resistance
 A - a ring of protection from cold
 U - the ring "Sunuoj" (right hand) {rF++ rN+ Int+3 SInv Stlth+, =R}
   (You found it on level 3 of the Crypt)

   [ring of positive energy]

   Int+3:     It affects your intelligence (+3).
   rF++:      It greatly protects you from fire.
   rN+:       It protects you from negative energy.
   SInv:      It lets you see invisible.
   Stlth+:    It makes you more stealthy.
 Y - the amulet of Oneulel {Faith rN++}
   (You acquired it on level 1 of the Lair of Beasts)

   [amulet of faith]

   Faith:     It allows you to gain divine favour quickly.
   rN++:      It greatly protects you from negative energy.
Wands
 d - a wand of digging (12)
 j - a wand of quicksilver (44)
 p - a wand of paralysis (60)
 r - a wand of roots (25)
 s - a wand of mindburst (25)
Scrolls
 m - 2 scrolls of revelation
 y - 6 scrolls of immolation
 B - 6 scrolls of blinking
 C - a scroll of poison
 E - 6 scrolls of fear
 T - 13 scrolls of teleportation
 V - 6 scrolls of vulnerability
Potions
 o - 8 potions of ambrosia
 q - 17 potions of curing
 u - 10 potions of mutation {!q}
 H - 6 potions of haste {!q}
 I - 3 potions of invisibility
 K - 8 potions of magic {!q}
 M - 7 potions of might
 N - 2 potions of cancellation {!q}
 R - 5 potions of resistance
 W - 10 potions of heal wounds {!q}
 X - 7 potions of enlightenment
 Z - 8 potions of berserk rage {!q}
Miscellaneous
 l - a lightning rod (4/4)
 n - a phial of floods


   Skills:
 - Level 22.0 Fighting
 - Level 22.0 Maces & Flails
 + Level 18.3 Throwing
 - Level 22.0 Armour
 + Level 18.7 Dodging
 - Level 2.0 Stealth
 + Level 20.6 Shields
 - Level 5.0 Unarmed Combat
 - Level 23.0 Invocations
 + Level 18.6 Evocations
 - Level 7.0 Shapeshifting


You had 26 spell levels left.
You didn't know any spells.
Your spell library contained the following spells:

 Spells                   Type           Power      Damage    Failure   Level
 Apportation              Tloc           0%         N/A       97%         1
 Foxfire                  Conj/Fire      0%         2x1d4     97%         1
 Freeze                   Ice            0%         1d3       97%         1
 Kiss of Death            Conj/Necr      0%         2d5       97%         1
 Magic Dart               Conj           0%         1d3       97%         1
 Necrotise                Necr           0%         1d4       97%         1
 Sandblast                Erth           0%         2d4       97%         1
 Shock                    Conj/Air       0%         1d3       97%         1
 Slow                     Hex            0%         N/A       97%         1
 Sting                    Tmut/Pois      0%         1d3       97%         1
 Summon Small Mammal      Summ           0%         N/A       97%         1
 Blink                    Tloc           0%         N/A       99%         2
 Call Imp                 Summ           0%         N/A       99%         2
 Ensorcelled Hibernation  Hex/Ice        0%         N/A       99%         2
 Jinxbite                 Hex            0%         N/A       99%         2
 Passwall                 Tmut/Erth      0%         N/A       99%         2
 Poisonous Vapours        Pois/Air       0%         N/A       99%         2
 Scorch                   Fire           0%         2d5       99%         2
 Sublimation of Blood     Necr           0%         N/A       99%         2
 Wereblood                Tmut           0%         N/A       99%         2
 Confusing Touch          Hex            0%         N/A       100%        3
 Frozen Ramparts          Ice            0%         1d1       100%        3
 Gell's Gravitas          Tloc           0%         N/A       100%        3
 Hailstorm                Conj/Ice       0%         3d3       100%        3
 Mephitic Cloud           Conj/Pois/Air  0%         N/A       100%        3
 Ozocubu's Armour         Ice            0%         N/A       100%        3
 Sigil of Binding         Hex            0%         N/A       100%        3
 Stone Arrow              Conj/Erth      0%         3d7       100%        3
 Swiftness                Air            0%         N/A       100%        3
 Teleport Other           Tloc           0%         N/A       100%        3
 Tukima's Dance           Hex            0%         N/A       100%        3
 Vampiric Draining        Necr           0%         2d6       100%        3
 Airstrike                Air            0%         2d(0-16)  100%        4
 Anguish                  Hex/Necr       0%         N/A       100%        4
 Animate Armour           Summ/Erth      0%         N/A       100%        4
 Animate Dead             Necr           0%         N/A       100%        4
 Cause Fear               Hex            0%         N/A       100%        4
 Dimensional Bullseye     Hex/Tloc       0%         N/A       100%        4
 Flame Wave               Conj/Fire      0%         2d4       100%        4
 Fulminant Prism          Conj/Hex       0%         3d5       100%        4
 Iskenderun's Mystic Bla  Conj/Tloc      0%         2d3       100%        4
 Leda's Liquefaction      Hex/Erth       0%         N/A       100%        4
 Manifold Assault         Tloc           0%         N/A       100%        4
 Olgreb's Toxic Radiance  Pois           0%         N/A       100%        4
 Passage of Golubria      Tloc           0%         N/A       100%        4
 Petrify                  Tmut/Erth      0%         N/A       100%        4
 Agony                    Necr           0%         N/A       100%        5
 Borgnjor's Vile Clutch   Necr/Erth      0%         N/A       100%        5
 Fireball                 Conj/Fire      0%         3d3       100%        5
 Freezing Cloud           Conj/Ice/Air   0%         6-21      100%        5
 Irradiate                Conj/Tmut      0%         3d11      100%        5
 Iskenderun's Battlesphe  Conj           0%         2d6       100%        5
 Lee's Rapid Deconstruct  Erth           0%         3d4*      100%        5
 Metabolic Englaciation   Hex/Ice        0%         N/A       100%        5
 Silence                  Hex/Air        0%         N/A       100%        5
 Summon Forest            Summ/Tloc      0%         N/A       100%        5
 Summon Mana Viper        Hex/Summ       0%         N/A       100%        5
 Bombard                  Conj/Erth      0%         9d1       100%        6
 Death Channel            Necr           0%         N/A       100%        6
 Dispersal                Tloc           0%         N/A       100%        6
 Eringya's Noxious Bog    Tmut/Pois      0%         4d6       100%        6
 Plasma Beam              Fire/Air       0%         2x1d10    100%        6
 Simulacrum               Ice/Necr       0%         N/A       100%        6
 Starburst                Conj/Fire      0%         6d3       100%        6
 Summon Cactus Giant      Summ           0%         N/A       100%        6
 Haunt                    Necr/Summ      0%         N/A       100%        7
 Malign Gateway           Summ/Tloc      0%         N/A       100%        7
 Ozocubu's Refrigeration  Ice            0%         4d7       100%        7
 Spellforged Servitor     Conj/Summ      0%         N/A       100%        7
 Summon Hydra             Summ           0%         N/A       100%        7
 Borgnjor's Revivificati  Necr           0%         N/A       100%        8
 Lehudib's Crystal Spear  Conj/Erth      0%         10d2      100%        8
 Chain Lightning          Conj/Air       0%         N/A       100%        9
 Dragon's Call            Summ           0%         N/A       100%        9
 Shatter                  Erth           0%         3d5*      100%        9


Dungeon Overview and Level Annotations

Branches:
Dungeon (15/15)            Temple (1/1) D:7            Lair (5/5) D:10
  Swamp (4/4) Lair:2       Spider (4/4) Lair:3        Slime (0/5) Lair:4
    Orc (2/2) D:12            Elf (3/3) Orc:2        Vaults (5/5) D:14
  Crypt (3/3) Vaults:3       Tomb (0/3) Crypt:3      Depths (4/4) D:15
    Zot (5/5) Depths:4      Sewer (visited)         Ossuary (visited)
 Bailey (visited)           IceCv (visited)         Volcano (visited)
Gauntlet (visited)

Altars:
Ashenzari
Cheibriados
Dithmenos
Elyvilon
Fedhas
Gozag
Hepliaklqana
Kikubaaqudgha
Makhleb
Nemelex Xobeh
Okawaru
Qazlal
Ru
Sif Muna
Trog
Uskayaw
Vehumet
Wu Jian
Xom
Yredelemnul
Zin
The Shining One
Lugonu

Shops:
D:7 :   Orc:1 [   Orc:2 !(*=(   Elf:2 (   Elf:3 =::   Depths:3 (

Portals:
Hell: Depths:1 Depths:2 Depths:3 Depths:4
Abyss: Lair:5 Depths:3
Pandemonium: Depths:1 Depths:2 Depths:3
Ziggurat: Depths:3


Innate Abilities, Weirdness & Mutations

You have a pair of horns on your head.
You reflexively headbutt those who attack you in melee.
Your system is resistant to poisons. (rPois)


Message History

Your shield discharges, shocking the angel!
The angel resists.
You block the angel's attack.
You miss the angel. Your headbutt misses the angel.
The angel is heavily wounded.
You miss the angel. Your headbutt misses the angel.
The angel is heavily wounded.
You block the angel's attack. x2
You hit the angel.
The angel is heavily wounded.
You block the angel's attack.
Your shield discharges, shocking the angel!
The angel resists.
You block the angel's attack.
Your shield discharges, shocking the angel!
The angel resists.
You miss the angel.
The angel is severely wounded.
You block the angel's attack. x2
You thrash the angel!! You headbutt the angel!
The angel is almost dead.
You block the angel's attack. The angel misses you.
You barely miss the angel. You headbutt the angel.
You kill the angel!
Dithmenos accepts your kill.
Things that are here:
a +2 whip of holy wrath; a +0 robe
There is a stone staircase leading up here.
You fly upwards.
There is a stone staircase leading down here.
There is a stone staircase leading up here.
You fly upwards.
There is a stone staircase leading down here.
HP restored.
You see here a +0 sling.
There is a stone staircase leading up here.
You fly upwards.
There is a stone staircase leading down here.
Things that are here:
a +0 club; a +0 whip
There is a stone staircase leading up here.
You see here a +0 club.
You fly upwards.
There is a stone staircase leading down here.
There is a stone staircase leading up here.
You fly upwards.
There is a stone staircase leading down here.
There is a stone staircase leading up here.
You fly upwards.
There is a stone staircase leading down here.
There is a staircase leading out of the dungeon here.
You have escaped!

....)................>#
###.......#####...###.# #
#.......# ##..#..##.# #
###'##### #..#.#..#.# #####.#
#.#...#.#.### #....#
###.#...#.#...# #....#
#...#.......#.####
#....#####.#.#.#####......##
#....##...#..#.@....#...#..#
####.#..##......#....##....#
#...#....####.......#...# #
#....####......#####....# ###
#.......................#
..###.##########...########.##
#............................#
########....####.#######....##
####....#.##.......###


There were no monsters in sight!

Vanquished Creatures
  6 dread liches
  5 orbs of fire
  The ghost of Heisao the Wrestler, a legendary TrBe of Trog (Zot:3)
  Mennas (Crypt:2)
  2 ancient liches
  A juggernaut (Abyss:3)
  Mara (Spider:4)
  3 royal mummies (Crypt:2)
  Boris (twice) (Vaults:3 Crypt:2)
  Vv (Depths:2)
  4 Killer Klowns (Zot:5)
  Frederick (Vaults:5)
  Bai Suzhen (Spider:4)
  3 curse toes (Zot:3)
  Margery (Vaults:3)
  Xtahua (Vaults:2)
  11 golden dragons
  Norris (Vaults:3)
  Jory (Crypt:2)
  A bone dragon (Crypt:3)
  3 profane servitors
  the Enchantress (Depths:3)
  Arachne (Spider:3)
  2 electric golems (Zot:5)
  Mlioglotl (Spider:4)
  An Ice Fiend (Zot:4)
  Jorgrun (Swamp:2)
  6 liches
  24 tentacled monstrosities
  Rupert (D:14)
  28 Orb Guardians
  A walking crystal tome (Depths:3)
  6 titans
  8 quicksilver dragons
  2 deep elf blademasters (Elf:3)
  2 deep elf master archers (Elf:3)
  15 death cobs
  4 tentacled starspawn (Abyss:3)
  11 sphinxes
  Agnes (D:14)
  5 ancient champions
  Aizul (Spider:2)
  17 draconian monks
  Donald (Elf:3)
  10 shadow dragons
  A thorn hunter (Swamp:3)
  Kirke (Swamp:1)
  7 tengu reavers
  The ghost of WhatIsLove the Apostle, an adept HOMo of Beogh (Spider:2)
  Roxanne (Swamp:2)
  8 draconian knights
  23 storm dragons
  3 revenants
  5 deep elf sorcerers
  2 fenstrider witches (Swamp:3)
  16 fire giants
  19 vault wardens
  An iron dragon (shapeshifter) (Depths:2)
  8 draconian scorchers
  7 iron dragons
  10 emperor scorpions
  12 frost giants
  8 draconian shifters
  3 deep elf elementalists (Elf:3)
  A curse skull (Crypt:3)
  4 draconian stormcallers
  2 angels
  9 ghost moths
  2 cacodemons
  4 spriggan defenders
  4 draconian annihilators
  11 very ugly things
  A formless jellyfish (shapeshifter) (Vaults:5)
  The ghost of KimchiStew the Peltast, a journeyman FoFi of Okawaru (Orc:2)
  10 ghouls
  12 stone giants
  20 ironbound preservers
  3 orc warlords
  3 broodmothers
  4 ironbound thunderhulks
  2 ophanim (Abyss:3)
  A formless jellyfish (Vaults:2)
  15 green draconians
  9 war gargoyles
  A stone giant (shapeshifter) (Depths:2)
  6 vampire knights
  15 red draconians
  5 deep elf demonologists (Elf:3)
  3 eleionomae
  7 bunyips
  A dire elephant (shapeshifter) (Depths:2)
  16 black draconians
  2 lorocyprocas (Depths:2)
  A minotaur (Gauntlet)
  12 spark wasps
  11 purple draconians
  13 yellow draconians
  Azrael (Orc:2)
  A minotaur (shapeshifter) (Depths:2)
  10 white draconians
  7 deep elf annihilators
  5 deep elf death magi
  4 eidola
  The ghost of Tenar the Thaumaturge, a journeyman DsCA of Gozag (D:13)
  3 crystal guardians
  Josephine (D:14)
  13 fire dragons
  2 mummy priests (Crypt:2)
  2 shambling mangroves (Swamp:4)
  13 jiangshi
  2 blizzard demons (D:8)
  5 deep elf high priests
  11 ettins
  A spriggan zombie (Crypt:3)
  16 yaktaur captains
  3 entropy weavers
  2 rakshasas
  3 great orbs of eyes
  40 vault guards
  Erolcha (D:11)
  12 ice dragons
  A hydra (shapeshifter) (Depths:2)
  2 salamander tyrants (Depths:2)
  A hell beast (D:14)
  Fannar (D:12)
  2 peacekeepers (Vaults:2)
  A ghost crab (Swamp:3)
  3 juggernaut simulacra (Depths:2)
  6 spriggan air magi
  25 hydras
  A quicksilver dragon skeleton (Vaults:2)
  9 ogre magi
  2 spriggan skeletons (Crypt:1)
  2 catoblepae (Zot:4)
  9 centaur warriors
  2 radroaches (Spider:2)
  A jorogumo (Spider:4)
  6 boulder beetles
  4 deep troll shamans
  36 dancing weapons
  10 ironbound frosthearts
  A two-headed ogre (shapeshifter) (Vaults:5)
  8 alligators
  6 vampire magi
  A fenstrider witch skeleton (Crypt:1)
  7 death knights
  24 two-headed ogres
  2 orc high priests
  11 demonic crawlers
  4 tengu warriors
  A spectral naga (Crypt:3)
  10 hell knights
  18 deep troll earth magi
  7 spriggan berserkers
  11 deep elf knights
  8 thrashing horrors
  2 soul eaters
  2 sixfirhies
  6 skysharks
  5 shadow wraiths (Crypt:3)
  A sun moth (Spider:3)
  2 death drakes
  2 cherubim (Abyss:3)
  5 spriggan druids
  5 goliath frogs
  28 skeletal warriors
  2 glowing orange brains
  11 pharaoh ants
  5 iron trolls
  45 deep trolls
  6 flayed ghosts
  A death drake (shapeshifter) (Depths:2)
  10 wizards
  An obsidian statue (Zot:5)
  2 swamp dragons (shapeshifter)
  11 orb spiders
  8 steelbarb worms
  7 bog bodies
  14 deep elf archers
  17 swamp dragons
  9 necromancers
  21 ironbound convokers
  An orb spider (shapeshifter) (Vaults:5)
  An orange crystal statue (Depths:1)
  14 phantasmal warriors
  15 orc knights
  16 lindwurms
  30 deep elf zephyrmancers
  23 deep elf pyromancers
  44 ugly things
  A cyclops (shapeshifter) (Depths:2)
  32 moths of wrath
  7 orc sorcerers
  A salamander (shapeshifter) (Depths:1)
  A worldbinder (Gauntlet)
  A fire giant zombie (Crypt:2)
  7 cyclopes
  23 wolf spiders
  7 manticores
  8 will-o-the-wisps
  A moth of wrath (shapeshifter) (Depths:3)
  23 vault sentinels
  2 rust devils
  10 elephants
  5 black mambas
  2 torpor snails (Spider:3)
  2 ice statues (IceCv)
  6 smoke demons
  8 cane toads
  An orb spider zombie (Crypt:1)
  Psyche (D:11)
  A naga skeleton (Abyss:3)
  3 unseen horrors
  7 rime drakes
  29 yaktaurs
  A komodo dragon (shapeshifter) (D:13)
  11 komodo dragons
  A white draconian skeleton (Crypt:2)
  7 ice devils
  5 tengu conjurers
  3 anaconda simulacra
  6 freezing wraiths
  9 meliai
  A red devil (Depths:3)
  An ancient zyme (Abyss:3)
  A polar bear (Lair:2)
  20 tarantellas
  11 large abominations
  A queen bee (Spider:1)
  8 trolls
  2 bloated husks (Swamp:3)
  13 tyrant leeches
  10 hornets
  A hydra skeleton (Crypt:1)
  31 blink frogs
  3 hellwings
  2 raiju (Lair:5)
  A great orb of eyes zombie (Crypt:2)
  An ettin zombie (Crypt:3)
  4 dream sheep (Lair:5)
  25 jumping spiders
  3 air elementals
  A stone giant simulacrum (Vaults:2)
  2 dream sheep (shapeshifter)
  The ghost of DocSulfur the Ducker, an amateur DEBe of Trog (D:3)
  A centaur simulacrum (D:15)
  30 slime creatures
  24 culicivoras
  12 spriggans
  62 flying skulls
  A guardian serpent skeleton (Crypt:1)
  7 shadows
  2 vampires
  A ynoxinul (Abyss:3)
  A dire elephant simulacrum (IceCv)
  A fire dragon skeleton (Crypt:1)
  13 wraiths
  6 water elementals
  A tyrant leech zombie (Crypt:1)
  4 basilisks
  2 starcursed masses (Abyss:3)
  6 wyverns
  2 hogs (Swamp:1)
  A yak (shapeshifter) (Lair:5)
  51 yaks
  23 small abominations
  6 fire elementals
  19 humans
  Grum (D:8)
  60 redbacks
  2 steam dragons
  6 chaos spawn
  10 vampire mosquitoes
  A wind drake skeleton (Crypt:2)
  3 wargs
  3 harpy simulacra
  17 swamp worms
  An ogre zombie (Vaults:2)
  12 water moccasins
  A fire bat skeleton (Crypt:1)
  5 hydra simulacra (IceCv)
  3 floating eyes (Depths:1)
  10 hell hounds
  A demonspawn skeleton (Crypt:1)
  A deep troll skeleton (Crypt:1)
  10 swamp drakes
  33 orc warriors
  An ettin simulacrum (Vaults:2)
  2 swamp dragon zombies
  An ice beast (D:6)
  5 boggarts
  3 black bears
  18 ogres
  18 wolves
  A tengu (shapeshifter) (Vaults:5)
  A dream sheep skeleton (Crypt:2)
  A snapping turtle skeleton (Crypt:2)
  23 centaurs
  A torpor snail zombie (Crypt:1)
  A phantom (D:5)
  A salamander zombie (Crypt:2)
  A kobold brigand (D:10)
  16 bullfrogs
  A gnoll sergeant (D:10)
  7 necrophages
  3 scorpions
  A two-headed ogre simulacrum (IceCv)
  2 earth elementals (Elf:1)
  9 wights
  A killer bee (shapeshifter) (D:15)
  2 elephant simulacra (IceCv)
  A warg skeleton (Crypt:2)
  37 killer bees
  8 howler monkeys
  2 electric eels (Lair:5)
  A wolf zombie (Crypt:1)
  4 centaur zombies
  16 orc priests
  7 human zombies
  3 jellies (Lair:4)
  A gnoll bouda (Orc:2)
  2 hounds
  A sleepcap (D:6)
  A boggart zombie (Crypt:2)
  Terence (D:2)
  3 iguanas
  14 orc wizards
  2 human skeletons (Crypt:1)
  A wolf simulacrum (IceCv)
  A boggart skeleton (Crypt:1)
  An acid dragon zombie (Crypt:2)
  5 mummies
  A howler monkey zombie (Crypt:1)
  11 gnolls
  16 adders
  A naga simulacrum (IceCv)
  3 shadow imps
  2 white imps
  2 ufetubi
  2 adder zombies (Ossuary)
  2 worms
  3 dart slugs
  95 orcs
  8 ball pythons
  8 endoplasms
  14 giant cockroaches
  9 goblins
  9 hobgoblins
  10 kobolds
  7 quokkas
  5 bats
  10 frilled lizards
  A goblin skeleton (Crypt:2)
  6 hobgoblin zombies (Ossuary)
  2 jackal zombies (Ossuary)
  14 kobold zombies (Ossuary)
  7 orc zombies (Ossuary)
  5 rats
  2 rat zombies (Ossuary)
  5 starspawn tentacles (Abyss:3)
2645 creatures vanquished.

Vanquished Creatures (others)
  A draconian knight (Zot:3)
  A deep elf knight (Elf:3)
  A deep elf archer (Elf:2)
  A wizard (Depths:1)
  A deep elf pyromancer (Elf:2)
  A tengu conjurer (Depths:2)
  An orc (Bailey)
  45 foxfires
  7 starspawn tentacles (Abyss:3)
59 creatures vanquished.

Grand Total: 2704 creatures vanquished

Notes
Turn   | Place    | Note
-------+----------+-------------------------------------------
     0 | D:1      | Ge0ff the Minotaur Shapeshifter began the quest for the
                  | Orb.
     0 | D:1      | Reached XP level 1. HP: 16/16 MP: 0/0
   343 | D:1      | Reached XP level 2. HP: 23/23 MP: 1/1
   802 | D:2      | Reached skill level 1 in Stealth
   802 | D:2      | Reached XP level 3. HP: 29/29 MP: 2/2
   912 | D:2      | Noticed Terence
   918 | D:2      | Killed Terence
   923 | D:2      | Reached XP level 4. HP: 33/36 MP: 3/3
  1566 | D:3      | Reached XP level 5. HP: 41/41 MP: 4/4
  1832 | D:3      | Noticed DocSulfur's ghost (amateur DEBe)
  1835 | D:3      | Found a runed translucent door.
  1872 | D:3      | Reached skill level 1 in Evocations
  2089 | D:3      | Killed DocSulfur's ghost
  2090 | D:3      | Reached XP level 6. HP: 48/48 MP: 5/5
  2165 | D:4      | Found a sand-covered staircase.
  2170 | Ossuary  | Entered an ossuary
  2287 | Ossuary  | Reached skill level 1 in Maces & Flails
  2418 | Ossuary  | Reached XP level 7. HP: 54/55 MP: 6/6
  2511 | D:4      | Reached skill level 1 in Armour
  2511 | D:4      | Reached skill level 5 in Unarmed Combat
  2836 | D:4      | Found an iron altar of Okawaru.
  2837 | D:4      | Found a stormy altar of Qazlal.
  2856 | D:4      | Became a worshipper of Warmaster Okawaru
  3006 | D:5      | Entered Level 5 of the Dungeon
  3244 | D:5      | Found a glowing drain.
  3256 | Sewer    | Entered a sewer
  4002 | D:5      | Reached XP level 8. HP: 59/63 MP: 7/7
  4415 | D:6      | Found a glowing silver altar of Zin.
  4550 | D:6      | Reached * piety under Okawaru
  4556 | D:6      | Reached skill level 1 in Invocations
  5036 | D:6      | Reached skill level 2 in Invocations
  5061 | D:6      | Noticed a two-headed ogre
  5073 | D:6      | Killed a two-headed ogre
  5073 | D:6      | Reached ** piety under Okawaru
  5074 | D:6      | Reached skill level 5 in Maces & Flails
  5074 | D:6      | Reached skill level 3 in Invocations
  5074 | D:6      | Reached XP level 9. HP: 71/71 MP: 8/10
  5317 | D:6      | Reached skill level 5 in Armour
  5672 | D:7      | Reached skill level 1 in Throwing
  5675 | D:7      | Reached *** piety under Okawaru
  5676 | D:7      | Reached skill level 5 in Shapeshifting
  5690 | D:7      | Found a flagged portal.
  5700 | Bailey   | Entered a bailey
  6094 | Bailey   | Reached skill level 4 in Invocations
  6223 | Bailey   | Reached skill level 5 in Fighting
  7282 | Bailey   | Reached XP level 10. HP: 35/81 MP: 12/12
  7561 | Bailey   | Reached skill level 5 in Invocations
  7847 | D:7      | Found Efifups's Book Shoppe.
  8243 | D:7      | Found a staircase to the Ecumenical Temple.
  8583 | D:7      | Found an opulent altar of Gozag.
  8777 | D:8      | Reached **** piety under Okawaru
  8800 | D:8      | Noticed Grum
  8819 | D:8      | Killed Grum
  9050 | D:8      | Identified the +2 ring mail "Xakladam" {rCorr Str+5}
  9126 | D:8      | Reached ***** piety under Okawaru
  9127 | D:8      | Reached skill level 10 in Armour
  9276 | D:8      | Found an ornate altar of the Wu Jian Council.
  9515 | D:9      | Noticed a purple ugly thing
  9531 | D:9      | Killed a purple ugly thing
  9719 | D:9      | Noticed a two-headed ogre
  9735 | D:9      | Killed a two-headed ogre
  9824 | D:9      | Noticed a manticore
  9833 | D:9      | Killed a manticore
  9833 | D:9      | Received a gift from Okawaru
  9834 | D:9      | Reached XP level 11. HP: 84/89 MP: 13/13
 10238 | D:9      | Reached skill level 5 in Evocations
 10686 | D:10     | Entered Level 10 of the Dungeon
 11134 | D:10     | Found a basalt altar of Yredelemnul.
 11304 | D:10     | Found a staircase to the Lair.
 11623 | D:11     | Reached skill level 5 in Throwing
 11806 | D:11     | Noticed Psyche
 11819 | D:11     | Noticed Erolcha
 11829 | D:11     | Killed Psyche
 11836 | D:11     | Killed Erolcha
 11836 | D:11     | Received a gift from Okawaru
 11998 | D:11     | Reached skill level 10 in Maces & Flails
 12392 | D:11     | Noticed a boulder beetle
 12416 | D:11     | Killed a boulder beetle
 13058 | D:12     | Noticed Fannar
 13072 | D:12     | Killed Fannar
 13094 | D:12     | Noticed a boulder beetle
 13104 | D:12     | Killed a boulder beetle
 13105 | D:12     | Reached XP level 12. HP: 72/100 MP: 9/14
 13444 | D:12     | Received a gift from Okawaru
 13574 | D:12     | Found a staircase to the Orcish Mines.
 13585 | D:12     | Reached skill level 5 in Dodging
 13603 | D:12     | Noticed a two-headed ogre
 13609 | D:12     | Killed a two-headed ogre
 13997 | Lair:1   | Entered Level 1 of the Lair of Beasts
 14219 | Lair:1   | Reached ****** piety under Okawaru
 14220 | Lair:1   | Acquired the +1 pair of boots of the Heavens {rCorr Str+3}
 14220 | Lair:1   | Received a gift from Okawaru
 14221 | Lair:1   | Acquired the +9 great mace of Dawn {speed, rN+ Will+}
 14221 | Lair:1   | Received a gift from Okawaru
 14439 | Lair:1   | Received a gift from Okawaru
 14670 | Lair:1   | Reached skill level 10 in Fighting
 14726 | Lair:1   | Identified a scroll of acquirement
 14727 | Lair:1   | Acquired the amulet of Oneulel {Faith rN++}
 15150 | Lair:2   | Reached XP level 13. HP: 104/113 MP: 15/15
 15188 | Lair:2   | Received a gift from Okawaru
 15402 | Lair:2   | Found a staircase to the Swamp.
 15597 | Lair:2   | Received a gift from Okawaru
 16254 | Lair:3   | Reached skill level 15 in Armour
 16292 | Lair:3   | Received a gift from Okawaru
 16294 | Lair:3   | Reached skill level 6 in Invocations
 16355 | Lair:3   | Found a hole to the Spider Nest.
 16393 | Lair:3   | Identified the +8 trident "Impbane" {drain, Fragile rElec
                  | Str+3 Int+3}
 17165 | Lair:4   | Found a frozen archway.
 17173 | Lair:4   | Reached skill level 15 in Maces & Flails
 17207 | IceCv    | Entered an ice cave
 17217 | IceCv    | Received a gift from Okawaru
 18106 | Lair:4   | Found a staircase to the Slime Pits.
 18148 | Lair:4   | Got a blackened book
 18709 | Lair:5   | Entered Level 5 of the Lair of Beasts
 18709 | Lair:5   | Found a sparkling altar of Nemelex Xobeh.
 18718 | Lair:5   | Received a gift from Okawaru
 18719 | Lair:5   | Reached XP level 14. HP: 124/124 MP: 18/18
 18908 | Lair:5   | Reached skill level 7 in Invocations
 19007 | Lair:5   | Found a gate leading to a gauntlet.
 19018 | Gauntlet | Entered a Gauntlet
 19018 | Gauntlet | Found a transporter.
 19018 | Gauntlet | Found a transporter.
 19185 | Gauntlet | Found a transporter.
 19185 | Gauntlet | Found a transporter.
 19185 | Gauntlet | Found a transporter.
 19199 | Gauntlet | Found a transporter.
 19209 | Gauntlet | Found a transporter.
 19210 | Gauntlet | Found the +13 scythe of Curses {drain, curses, Drain}
 19238 | Gauntlet | Found a transporter.
 19302 | Gauntlet | Found a transporter.
 19310 | Gauntlet | Found a transporter.
 19314 | Gauntlet | Found a transporter.
 19328 | Gauntlet | Found a transporter.
 19408 | Gauntlet | Identified the amulet "Ekewkutun" {Reflect rPois rF+ SH+5}
 19426 | Gauntlet | Received a gift from Okawaru
 19496 | Gauntlet | Reached XP level 15. HP: 132/132 MP: 19/19
 19498 | Gauntlet | Identified the ring "Texzesit" {Fly Will+}
 19583 | Gauntlet | Identified the +1 hat of Responsibility {rN++ Int-2 Dex+2
                  | Slay+3}
 19690 | Gauntlet | Identified the +2 ring mail "Toighu" {Int+3 Dex-4 Slay+2}
 19882 | Lair:5   | Identified the +9 falchion of Koyfil {heavy, Int+6 Dex+2}
 20281 | Lair:5   | Received a gift from Okawaru
 20388 | Lair:5   | Found a corrupted altar of Lugonu.
 20388 | Lair:5   | Found a one-way gate to the infinite horrors of the Abyss.
 20403 | Lair:5   | Identified the staff "Nigef" {rF+ rC+ Str+5 Int-4 Fire}
 21042 | Orc:1    | Entered Level 1 of the Orcish Mines
 21139 | Orc:2    | Entered Level 2 of the Orcish Mines
 21163 | Orc:2    | Noticed Azrael
 21169 | Orc:2    | Killed Azrael
 21171 | Orc:2    | Received a gift from Okawaru
 21302 | Orc:2    | Received a gift from Okawaru
 21325 | Orc:2    | Found Gequheif's Antique Weapon Emporium.
 21326 | Orc:2    | Found Hyitoit's General Store.
 21331 | Orc:2    | Found Qegraruo's Jewellery Shop.
 21338 | Orc:2    | Found Xig Juonk's Weapon Emporium.
 21372 | Orc:2    | Bought 6 curare-tipped darts for 100 gold pieces
 21372 | Orc:2    | Bought a potion of enlightenment for 70 gold pieces
 21372 | Orc:2    | Bought a potion of heal wounds for 70 gold pieces
 21372 | Orc:2    | Bought a scroll of teleportation for 42 gold pieces
 21427 | Orc:2    | Found Gelalid's Distillery.
 21458 | Orc:2    | Found a dark tunnel.
 21467 | Volcano  | Entered a volcano
 21499 | Volcano  | Reached XP level 16. HP: 141/141 MP: 20/20
 22064 | Orc:2    | Found a runed translucent gate.
 22064 | Orc:2    | Found a runed translucent gate.
 22065 | Orc:2    | Found a runed translucent gate.
 22066 | Orc:2    | Identified the +4 chain mail of the Arcane {*Corrode rC++
                  | Int+4}
 22067 | Orc:2    | Noticed KimchiStew's ghost (journeyman FoFi)
 22088 | Orc:2    | Found a staircase to the Elven Halls.
 22181 | Orc:2    | Identified the orb "Douczusyo" {light, Str+3}
 22443 | Orc:1    | Received a gift from Okawaru
 22561 | Orc:1    | Found Muwa's Antique Armour Shoppe.
 22908 | Orc:2    | Killed KimchiStew's ghost
 23078 | D:13     | Found a transporter.
 23081 | D:13     | Noticed Tenar's ghost (journeyman DsCA)
 23096 | D:13     | Found a transporter.
 23600 | D:13     | Reached skill level 15 in Fighting
 23610 | D:13     | Killed Tenar's ghost
 24204 | D:14     | Received a gift from Okawaru
 24206 | D:14     | Noticed Josephine
 24214 | D:14     | Killed Josephine
 24539 | D:14     | Noticed Rupert
 24543 | D:14     | Killed Rupert
 24675 | D:14     | Found a gate to the Vaults.
 24906 | D:14     | Noticed Agnes
 24915 | D:14     | Killed Agnes
 25174 | D:15     | Entered Level 15 of the Dungeon
 25611 | D:15     | Received a gift from Okawaru
 25857 | D:15     | Found a stormy altar of Qazlal.
 26167 | D:15     | Found a staircase to the Depths.
 27153 | Swamp:1  | Entered Level 1 of the Swamp
 27629 | Swamp:1  | Received a gift from Okawaru
 27675 | Swamp:1  | Noticed Kirke
 27689 | Swamp:1  | Killed Kirke
 27690 | Swamp:1  | Reached XP level 17. HP: 168/168 MP: 21/21
 28572 | Swamp:2  | Noticed Jorgrun
 28600 | Swamp:2  | Killed Jorgrun
 28600 | Swamp:2  | Received a gift from Okawaru
 28730 | Swamp:2  | Noticed Roxanne
 28748 | Swamp:2  | Killed Roxanne
 29774 | Swamp:3  | Received a gift from Okawaru
 30005 | Swamp:3  | Reached skill level 8 in Invocations
 30545 | Swamp:3  | Received a gift from Okawaru
 32027 | Swamp:4  | Entered Level 4 of the Swamp
 32680 | Swamp:4  | Received a gift from Okawaru
 32775 | Swamp:4  | Reached XP level 18. HP: 105/178 MP: 19/23
 32928 | Swamp:4  | Got a decaying rune of Zot
 32954 | Swamp:4  | Reached skill level 9 in Invocations
 33364 | Spider:1 | Entered Level 1 of the Spider Nest
 34421 | Spider:2 | Reached skill level 10 in Throwing
 34461 | Spider:2 | Received a gift from Okawaru
 34647 | Spider:2 | Found a runed translucent door.
 34647 | Spider:2 | Found a shimmering altar of Xom.
 34647 | Spider:2 | Noticed WhatIsLove's ghost (adept HOMo)
 34674 | Spider:2 | Killed WhatIsLove's ghost
 35055 | Spider:2 | Received a gift from Okawaru
 35305 | Spider:2 | Noticed Aizul
 35317 | Spider:2 | Killed Aizul
 36099 | Spider:3 | Received a gift from Okawaru
 36154 | Spider:3 | Reached skill level 10 in Invocations
 36674 | Spider:3 | Noticed Arachne
 36684 | Spider:3 | Received a gift from Okawaru
 36693 | Spider:3 | Killed Arachne
 37296 | Spider:4 | Entered Level 4 of the Spider Nest
 37415 | Spider:4 | Noticed Mara
 37421 | Spider:4 | Noticed Ge0ff's illusion
 37432 | Spider:4 | Killed Mara
 37432 | Spider:4 | Received a gift from Okawaru
 37566 | Spider:4 | Noticed Mlioglotl
 37587 | Spider:4 | Killed Mlioglotl
 37611 | Spider:4 | Reached XP level 19. HP: 149/185 MP: 23/25
 37712 | Spider:4 | Reached skill level 10 in Dodging
 37918 | Spider:4 | Noticed Bai Suzhen
 37936 | Spider:4 | Killed Bai Suzhen
 38102 | Spider:4 | Received a gift from Okawaru
 38414 | Spider:4 | Reached skill level 11 in Invocations
 38621 | Spider:4 | Got a gossamer rune of Zot
 39120 | Elf:1    | Entered Level 1 of the Elven Halls
 39633 | Elf:1    | Paralysed by an air elemental for 1 turns
 40569 | Elf:2    | Received a gift from Okawaru
 41029 | Elf:2    | Found a runed translucent gate.
 41030 | Elf:2    | Found a runed translucent gate.
 41030 | Elf:2    | Found a runed translucent gate.
 41197 | Elf:2    | Received a gift from Okawaru
 41223 | Elf:2    | Reached skill level 10 in Evocations
 41228 | Abyss:3  | Cast into level 3 of the Abyss (+3 scimitar of distortion)
 41234 | Abyss:3  | Found a corrupted altar of Lugonu.
 41490 | Abyss:3  | Found a corrupted altar of Lugonu.
 41587 | Abyss:3  | Found a corrupted altar of Lugonu.
 41587 | Abyss:3  | Found a corrupted altar of Lugonu.
 41621 | Abyss:3  | Reached skill level 12 in Invocations
 41624 | Abyss:3  | Noticed a profane servitor
 41648 | Abyss:3  | Killed a profane servitor
 41649 | Abyss:3  | Reached XP level 20. HP: 129/193 MP: 23/28
 41651 | Elf:2    | Escaped the Abyss
 41887 | Elf:2    | Received a gift from Okawaru
 42377 | Elf:2    | Found Sawext's Antique Weapon Shoppe.
 42503 | Elf:3    | Entered Level 3 of the Elven Halls
 42859 | Elf:3    | Noticed Donald
 42866 | Elf:3    | Killed Donald
 43063 | Elf:3    | Found Maliam's Jewellery Emporium.
 43063 | Elf:3    | Found Vakoneu's Book Boutique.
 43064 | Elf:3    | Found Tuuvox's Book Boutique.
 43509 | Elf:3    | Received a gift from Okawaru
 43720 | Elf:3    | Identified the +3 lajatang of Pride {protect, rC+ Dex+5}
 43902 | Elf:3    | Found the +5 Storm Queen's Shield {shock, Fly rElec}
 43918 | Elf:3    | Identified the +9 rapier of Luitwia {holy, rPois Will+}
 43925 | Elf:3    | Identified the ring of the Commoners {Str+4 Int+6}
 43929 | Elf:3    | Got a curious book
 43931 | Elf:3    | Identified the +3 shortbow of Ciumekhu {freeze, rC+ Str+3}
 43938 | Elf:3    | Identified the +5 scale mail "Loliluke" {Int+3}
 43961 | Elf:3    | Identified the +9 spear of Cacuweam {vamp, Stlth+}
 43967 | Elf:3    | Got a sparkling book
 44187 | Vaults:1 | Entered Level 1 of the Vaults
 44341 | Vaults:1 | Received a gift from Okawaru
 44357 | Vaults:1 | Reached skill level 13 in Invocations
 45535 | Vaults:1 | Received a gift from Okawaru
 46418 | Vaults:2 | Received a gift from Okawaru
 46471 | Vaults:2 | Reached XP level 21. HP: 94/201 MP: 30/30
 46807 | Vaults:2 | Received a gift from Okawaru
 47380 | Vaults:2 | Noticed Xtahua
 47393 | Vaults:2 | Killed Xtahua
 47789 | Vaults:2 | Reached skill level 14 in Invocations
 48188 | Vaults:3 | Received a gift from Okawaru
 48241 | Vaults:3 | Found a staircase to the Crypt.
 48590 | Vaults:3 | Noticed Margery
 48602 | Vaults:3 | Killed Margery
 48612 | Vaults:3 | Received a gift from Okawaru
 48991 | Vaults:3 | Reached skill level 15 in Throwing
 49370 | Abyss:3  | Cast into level 3 of the Abyss (hell knight)
 49504 | Abyss:3  | Noticed a profane servitor
 49523 | Abyss:3  | Killed a profane servitor
 49566 | Abyss:3  | Found a glowing golden altar of the Shining One.
 49570 | Abyss:3  | Received a gift from Okawaru
 49579 | Abyss:3  | Reached skill level 15 in Dodging
 49632 | Abyss:3  | Noticed a juggernaut
 49642 | Abyss:3  | Killed a juggernaut
 49670 | Abyss:3  | Got an abyssal rune of Zot
 49680 | Vaults:3 | Escaped the Abyss
 50004 | Vaults:3 | Noticed Boris
 50004 | Vaults:3 | Noticed Norris
 50020 | Vaults:3 | Killed Boris
 50021 | Vaults:3 | Reached skill level 15 in Invocations
 50039 | Vaults:3 | Killed Norris
 50040 | Vaults:3 | Reached XP level 22. HP: 177/209 MP: 29/32
 50183 | Vaults:3 | Got a peculiar book
 50262 | Vaults:3 | Received a gift from Okawaru
 50907 | Vaults:4 | Found a portal to a secret trove of treasure.
 50923 | Vaults:4 | You showed the abyssal rune of Zot to enter a treasure
                  | trove
 50924 | Trove    | Entered a treasure trove
 50936 | Trove    | Identified the ring "Viottuc" {rN+ Str+6}
 50938 | Trove    | Identified the +10 plate armour of the Thunderstorm {+Blink
                  | Dex+2 Slay+2}
 50940 | Trove    | Identified the +0 hat of Ravioli {rN+++ Dex-2 Slay-6 SInv}
 50952 | Trove    | Identified the +2 battleaxe "Zubredec" {heavy, Str+3}
 52132 | Vaults:4 | Received a gift from Okawaru
 52979 | Crypt:1  | Entered Level 1 of the Crypt
 53075 | Crypt:1  | Reached skill level 16 in Invocations
 53405 | Crypt:1  | Received a gift from Okawaru
 53626 | Crypt:1  | Identified the +2 robe of the True Pharaoh {rN+}
 53636 | Crypt:1  | Identified the +5 dire flail of the Reaper {heavy, rN+}
 54013 | Crypt:2  | Noticed Jory
 54014 | Crypt:2  | Noticed Mennas
 54158 | Crypt:2  | Received a gift from Okawaru
 54317 | Crypt:2  | Killed Jory
 54318 | Crypt:2  | Reached skill level 15 in Evocations
 54426 | Crypt:2  | Noticed Boris
 54439 | Crypt:2  | Killed Boris
 54440 | Crypt:2  | Reached skill level 17 in Invocations
 54489 | Crypt:2  | Killed Mennas
 54943 | Crypt:1  | Found a basalt altar of Yredelemnul.
 55008 | Crypt:2  | Noticed a royal mummy
 55376 | Crypt:2  | Noticed a royal mummy
 55732 | Crypt:2  | Killed a royal mummy
 55732 | Crypt:2  | Received a gift from Okawaru
 56013 | Crypt:2  | Killed a royal mummy
 56016 | Crypt:2  | Noticed a royal mummy
 56024 | Crypt:2  | Killed a royal mummy
 56203 | Crypt:2  | Found the +7 sceptre of Torment {pain, torment}
 56407 | Crypt:3  | Entered Level 3 of the Crypt
 56411 | Crypt:3  | Reached skill level 1 in Shields
 56607 | Crypt:3  | Reached XP level 23. HP: 215/215 MP: 34/34
 56866 | Crypt:3  | Reached skill level 5 in Shields
 56910 | Crypt:3  | Found a basalt altar of Yredelemnul.
 57386 | Crypt:3  | Reached skill level 10 in Shields
 57537 | Crypt:3  | Identified the ring "Niblufei" {rN+ Dex+3}
 57537 | Crypt:3  | Identified the ring "Sunuoj" {rF++ rN+ Int+3 SInv Stlth+}
 57750 | Crypt:3  | Found a staircase to the Tomb.
 57811 | Crypt:3  | Identified the +4 eveningstar of Hoff {pain, *Rage rN+
                  | Int+3}
 58347 | Depths:1 | Entered Level 1 of the Depths
 58679 | Depths:1 | Found a one-way gate leading to the halls of Pandemonium.
 58744 | Depths:1 | Received a gift from Okawaru
 59119 | Depths:1 | Reached skill level 15 in Shields
 59296 | Depths:1 | Paralysed by a floating eye for 4 turns
 59403 | Depths:1 | Reached skill level 18 in Invocations
 59512 | Depths:1 | Found a gateway to Hell.
 59598 | Depths:1 | Paralysed by a sphinx for 4 turns
 59861 | Depths:1 | Received a gift from Okawaru
 59974 | Depths:1 | Reached XP level 24. HP: 194/224 MP: 35/35
 60191 | Depths:1 | Got a quivering book
 60239 | Depths:1 | Found a blossoming altar of Fedhas.
 60359 | Depths:1 | Found a gateway to Hell.
 60393 | Depths:1 | Found a one-way gate leading to the halls of Pandemonium.
 60543 | Depths:1 | Found a blossoming altar of Fedhas.
 60911 | Depths:2 | Reached skill level 19 in Invocations
 61306 | Depths:2 | Received a gift from Okawaru
 62000 | Depths:2 | Identified the +4 morningstar of the Living Dead {venom,
                  | Int+3}
 62156 | Depths:2 | You are sucked into a shaft and drop 1 floor!
 62508 | Depths:3 | Noticed Vv
 62508 | Depths:3 | Found a one-way gateway to a ziggurat.
 62540 | Depths:2 | Killed Vv
 62695 | Depths:3 | Received a gift from Okawaru
 62711 | Depths:3 | Reached skill level 20 in Invocations
 62797 | Depths:3 | Found Guleoqal's Antique Weapon Shop.
 62930 | Depths:3 | Noticed the Enchantress
 62952 | Depths:3 | Killed the Enchantress
 63790 | Depths:3 | Identified the +7 trident of Delicate Cruel Justice
                  | {freeze, rC+}
 64488 | Depths:4 | Entered Level 4 of the Depths
 64505 | Depths:4 | Received a gift from Okawaru
 64961 | Depths:4 | Found a gate to the Realm of Zot.
 64995 | Depths:4 | Acquired 712 gold pieces
 64997 | Depths:4 | Noticed a juggernaut
 65950 | Vaults:5 | Entered Level 5 of the Vaults
 65954 | Vaults:5 | Reached XP level 25. HP: 231/231 MP: 30/36
 65973 | Vaults:5 | Received a gift from Okawaru
 66163 | Vaults:5 | Noticed a dread lich
 66176 | Vaults:5 | Killed a dread lich
 66310 | Vaults:5 | Reached skill level 21 in Invocations
 66345 | Vaults:5 | Identified the ring "Ujoet" {Fire Str+3 Dex+5}
 66390 | Vaults:5 | Noticed Frederick
 66400 | Vaults:5 | Received a gift from Okawaru
 66409 | Vaults:5 | Killed Frederick
 66505 | Vaults:5 | Found the +5 robe of Misfortune {Harm *Corrode *Slow EV+5}
 66523 | Vaults:5 | Identified the ring of Dixtops {Str+6 Dex+3}
 66538 | Vaults:5 | Got a moldy book
 67028 | Vaults:5 | Got a fuliginous book
 67211 | Vaults:5 | Identified the +10 war axe "Transmigrator" {spect, rN+
                  | Will+ Int+3}
 67251 | Vaults:5 | Received a gift from Okawaru
 67297 | Vaults:5 | Got a silver rune of Zot
 69014 | Orc:2    | Bought a potion of mutation for 88 gold pieces
 69014 | Orc:2    | Bought a potion of curing for 33 gold pieces
 69014 | Orc:2    | Bought a potion of curing for 33 gold pieces
 69014 | Orc:2    | Bought a potion of mutation for 88 gold pieces
 69014 | Orc:2    | Bought a potion of enlightenment for 55 gold pieces
 69014 | Orc:2    | Bought a potion of berserk rage for 55 gold pieces
 69014 | Orc:2    | Bought a potion of berserk rage for 55 gold pieces
 69014 | Orc:2    | Bought a potion of heal wounds for 55 gold pieces
 69035 | Orc:2    | Bought a wand of roots (5) for 168 gold pieces
 69220 | Zot:1    | Entered Level 1 of the Realm of Zot
 69792 | Zot:1    | Received a gift from Okawaru
 69989 | Zot:1    | Reached XP level 26. HP: 231/242 MP: 31/36
 70289 | Zot:1    | Noticed an orb of fire
 70298 | Zot:1    | Killed an orb of fire
 70835 | Zot:2    | Noticed an orb of fire
 71061 | Zot:3    | Reached skill level 22 in Invocations
 71093 | Zot:3    | Received a gift from Okawaru
 71215 | Zot:3    | Noticed a dread lich
 71224 | Zot:3    | Killed a dread lich
 71894 | Zot:3    | Noticed Heisao's ghost (legendary TrBe)
 71895 | Zot:3    | Found a runed translucent door.
 71916 | Zot:3    | Killed Heisao's ghost
 72414 | Zot:3    | Identified the +10 sling of Zinwupodu {drain, rPois}
 74175 | Zot:4    | Received a gift from Okawaru
 74382 | Zot:4    | Noticed an ancient lich
 74399 | Zot:4    | Reached XP level 27. HP: 176/254 MP: 37/37
 74657 | Zot:4    | Killed an ancient lich
 74910 | Zot:4    | Found a stormy altar of Qazlal.
 75268 | Zot:5    | Entered Level 5 of the Realm of Zot
 75383 | Zot:5    | Received a gift from Okawaru
 75565 | Zot:5    | Noticed a dread lich
 75579 | Zot:5    | Killed a dread lich
 76333 | Zot:5    | Noticed a dread lich
 76344 | Zot:5    | Noticed an ancient lich
 76353 | Zot:5    | Paralysed by a dread lich for 3 turns
 76359 | Zot:5    | Killed a dread lich
 76361 | Zot:5    | Killed an ancient lich
 76425 | Zot:5    | Noticed a dread lich
 76425 | Zot:5    | Noticed an orb of fire
 76427 | Zot:5    | Received a gift from Okawaru
 76440 | Zot:5    | Killed an orb of fire
 76462 | Zot:5    | Noticed an orb of fire
 76463 | Zot:5    | Killed a dread lich
 76466 | Zot:5    | Killed an orb of fire
 76479 | Zot:5    | Noticed an orb of fire
 76484 | Zot:5    | Gained mutation: You occasionally lose the ability to read
                  | scrolls when taking damage. [an orb of fire]
 76486 | Zot:5    | Killed an orb of fire
 76522 | Zot:5    | Reached skill level 23 in Invocations
 76603 | Zot:5    | Noticed a dread lich
 76611 | Zot:5    | Killed a dread lich
 76730 | Zot:5    | Received a gift from Okawaru
 76828 | Zot:5    | Identified the +9 quarterstaff "Xitat" {freeze, rN+ Dex+5}
 77045 | Zot:5    | Noticed an orb of fire
 77176 | Zot:5    | Killed an orb of fire
 77636 | Zot:5    | Lost mutation: You occasionally lose the ability to read
                  | scrolls when taking damage. [potion of mutation]
 77636 | Zot:5    | Gained mutation: You are clumsy. (Dex -2) [potion of
                  | mutation]
 77636 | Zot:5    | Gained mutation: Your system is resistant to poisons.
                  | (rPois) [potion of mutation]
 77636 | Zot:5    | Lost mutation: You are clumsy. (Dex -2) [potion of
                  | mutation]
 78055 | Temple   | Entered the Ecumenical Temple
 78074 | Temple   | Fell from the grace of Okawaru
 78074 | Temple   | Became a worshipper of Dithmenos the Shadowed
 78640 | Zot:5    | Got the Orb of Zot
 79240 | D:$      | Escaped with the Orb!

Illustrated notes

Levels and vault maps discovered:
D:1:      ebering_trefoil_3fold, layout_basic
D:2:      layout_loops_cross, chequers_serial_rivers_micro_a, uniq_terence
D:3:      layout_basic, hellmonk_ghost_happy_afterlife, nicolae_titane
D:4:      layout_rooms, gammafunk_temple_overflow_statue, enter_ossuary_5
D:5:      layout_basic, gup_sewer_entry_spiral
D:6:      layout_basic, mainiacjoe_overflow_concentric_impassable,
          kennysheep_generic_room_14
D:7:      layout_layer_cave, lemuel_doored_altar, temple_hall, serial_shops,
          nicolae_lakefront_shop, enter_bailey_2
D:8:      layout_rooms, lemuel_crystal_altar, uniq_grum
D:9:      minmay_curly_fans, layout_gridville
D:10:     layout_roguey, lemuel_crystal_altar, david_lair_shrubbed
D:11:     layout_basic, uniq_erolcha, uniq_psyche
D:12:     layout_stronghold, david_orc_2, serial_park_tiny_pond, uniq_fannar
D:13:     layout_stronghold, gammafunk_ghost_arena
D:14:     layout_roguey, grunt_vaults_entry_tiered, uniq_josephine, uniq_agnes,
          uniq_rupert
D:15:     grunt_enter_depths_giant_problem, layout_stronghold,
          grunt_qazlal_clouds
Temple:   nicolae_temple_slightly_damp_pantheon
Lair:1:   layout_misc_corridors, st_stairs_13
Lair:2:   layout_big_grid, palyth_hydra_swamp_entry, st_stairs_5,
          lemuel_fruit_tree
Lair:3:   layout_cave_pods, nicolae_spider_entry_lesser_pyramids,
          infiniplex_staircase_pool_2
Lair:4:   layout_long_grid, nicolae_slime_entry_field_trip, serial_forest,
          infiniplex_forest_clump_long, infiniplex_forest_end_double,
          infiniplex_forest_corner_1, infiniplex_forest_corner_1,
          infiniplex_forest_lined_2, infiniplex_forest_3_way,
          infiniplex_forest_lined_room_2, infiniplex_forest_lined_3,
          infiniplex_forest_pool, portal_ice_cave_rime
Lair:5:   hellmonk_lair_end_abyssal_woods, layout_long_grid, basic_altar,
          gauntlet_entry_generic, serial_bayou_lake_a, lemuel_fruit_fields,
          lemuel_fruit_fields
Swamp:1:  layout_basic_swamp, serial_swamp_ruin, evilmike_swamp_ruin_rubble_1,
          evilmike_swamp_ruin_rubble_2, uniq_kirke
Swamp:2:  layout_basic_swamp, evilmike_swamp_ruin_house_3, uniq_jorgrun,
          uniq_roxanne
Swamp:3:  nzn_winding_woodlands_medium [nzn_winding_woodlands_hourglass,
          nzn_winding_woodlands_5x15_pool, nzn_winding_woodlands_5x5_open_star,
          nzn_winding_woodlands_5x5_default, nzn_winding_woodlands_center_lodge,
          nzn_winding_woodlands_5x5_checkerboard,
          nzn_winding_woodlands_5x5_three, nzn_winding_woodlands_5x15_crooked,
          nzn_winding_woodlands_5x5_closed_star], layout_basic_swamp,
          nicolae_swamp_bean_lake, swamp_pool5, nicolae_swamp_little_tower
Swamp:4:  swamp, layout_basic_swamp, swamp_pool2, infiniplex_staircase_pool
Spider:1: layout_spider_delve, special_room [special_room_bee],
          hangedman_spider_mandibles
Spider:2: layout_spider_delve, ebering_ghost_xom, nicolae_crawler_farm,
          uniq_aizul
Spider:3: layout_spider_delve, uniq_arachne
Spider:4: grunt_spider_rune_circles, uniq_bai_suzhen, uniq_mlioglotl, uniq_mara
Orc:1:    layout_diamond_mine, serial_shops, nicolae_shop_behind_doors,
          basic_altar
Orc:2:    st_orc_open, layout_diamond_mine, serial_shops,
          nicolae_shop_industrial_runoff, biasface_ghost_orc_armoury,
          nicolae_volcano_entry_lava_flow, uniq_azrael
Elf:1:    minmay_elf_arrival_circle, layout_gridlike, hangedman_corner_corridor
Elf:2:    nicolae_elf_blades_crystal_corner, layout_geoelf_diagonals,
          serial_shops, nicolae_square_shop
Elf:3:    elf_hall, layout_geoelf_grid, minmay_shop_grove, uniq_donald
Vaults:1: nicolae_vaults_tangram_1, nicolae_vaults_network_square,
          nicolae_vaults_oval_intersection, vaults_room_door_ring,
          vaults_mumra_hexcomb, nicolae_vaults_tetromino_T_2,
          nicolae_vaults_apartment_1, nicolae_vaults_double_plus_2,
          nicolae_vaults_diamond_2, nicolae_vaults_storage_room_water,
          nicolae_vaults_doubleplus_tesselated, hangedman_vaults_trim,
          nicolae_vaults_little_squares_6, nicolae_vaults_network_quincunx
          [nicolae_vaults_network_quincunx_subvault,
          nicolae_vaults_network_quincunx_subvault,
          nicolae_vaults_network_quincunx_subvault,
          nicolae_vaults_network_quincunx_subvault,
          nicolae_vaults_network_quincunx_subvault], v_misc_1,
          nicolae_vaults_house_2, nicolae_vaults_trapezoid_lopsided_1,
          layout_vaults_big_cross
Vaults:2: vaults_mumra_minichess, v_misc_9, ontoclasm_vaults_twist,
          hangedman_vaults_stitches, vaults_room_pool,
          nicolae_vaults_trapezoid_3, layout_vaults_big_room, uniq_xtahua
Vaults:3: minmay_crypt_entry_simple_walls, nicolae_vaults_stairing_the_circle,
          nicolae_vaults_ninety_degrees, nicolae_vaults_closet_pinwheel_2,
          dpeg_vaults_waves, ontoclasm_vaults_eye,
          nicolae_vaults_mini_display_case, nicolae_vaults_specimen_jars,
          nicolae_vaults_windows_and_doors_thing, ontoclasm_vaults_fault,
          ontoclasm_vaults_shuriken, nicolae_vaults_circle_grid_a,
          nicolae_vaults_ring_of_whatevers, layout_vaults_maze, uniq_boris,
          uniq_margery, uniq_norris
Vaults:4: v_alt_pattern_6, nicolae_vaults_meeting, hangedman_vaults_cutoff,
          ontoclasm_vaults_hangar, vaults_mumra_lcd, nicolae_vaults_six-pack,
          layout_vaults_omnigrid, nicolae_trove_entry_columns
Vaults:5: uniq_frederick
Crypt:1:  layout_misc_corridors, lemuel_upstairs_altar,
          grunt_crypt_arrival_guarded_gate
Crypt:2:  minmay_guarded_unrand_sceptre_of_torment, layout_misc_corridors,
          uniq_jory, uniq_mennas
Crypt:3:  grunt_crypt_end_deaths_head, uniq_josephina
Depths:1: hangedman_box_tower, layout_cave_shapes, special_room
          [special_room_mythical_zoo], pan_entry, fedhas_altar_2, hell_entry,
          minmay_protected_statue
Depths:2: hangedman_crystal_crosses_colossus [crystal_crosses_arms_four,
          crystal_crosses_arms_two, crystal_crosses_arms_two,
          crystal_crosses_arms_one], hell_entry, pan_entry
Depths:3: cell_vault, layout_cave_shapes, enter_ziggurat_e, nrook_uturn,
          serial_shops, shop, grunt_pan_entry_in_and_out, hell_entry,
          abyss_entry, uniq_vv, uniq_enchantress
Depths:4: evilmike_zot_entry_hall, layout_cave_pools, nicolae_the_louvre,
          hell_entry, corexii_corridor_pit, serial_bayou_shore_b
Zot:1:    layout_onion
Zot:2:    layout_gridlike, nrook_zot_tub
Zot:3:    layout_misc_corridors, ebering_ghost_inner_flame, nzn_random_ring
Zot:4:    regret_index_qazlal_generations, layout_onion_interference
Zot:5:    layout_basic, grunt_ministairs_14

Skill      XL: |  1  2  3  4  5  6  7  8  9 10 11 12 13 14 15 16 17 18 19 20 21 22 23 24 25 26 27 |
---------------+----------------------------------------------------------------------------------+-----
Fighting       | 2 3 4 5 6 7 10 11 12 19 20 21 22 | 22.0
Stealth        | 1 2 |  2.0
Dodging        | 3 4 5 7 9 11 13 15 16 17 18 | 18.7
Unarmed Combat | 4 5 |  5.0
Shapeshifting  | 3 4 5 7 |  7.0
Evocations     | 2 3 4 5 6 8 10 11 13 15 16 17 18 | 18.6
Maces & Flails | 3 4 5 7 12 13 15 17 20 21 22 | 22.0
Armour         | 3 4 6 10 14 15 16 17 18 19 20 21 22 | 22.0
Invocations    | 3 4 5 6 7 8 10 12 13 15 17 18 20 21 22 23 | 23.0
Throwing       | 3 6 7 8 9 11 12 14 15 16 18 | 18.3
Shields        | 3 15 17 18 19 20 | 20.6

Action                     |  1- 3 |  4- 6 |  7- 9 | 10-12 | 13-15 | 16-18 | 19-21 | 22-24 | 25-27 || total
---------------------------+-------+-------+-------+-------+-------+-------+-------+-------+-------++-------
  Melee: Unarmed           |    19 |       |       |       |       |       |       |       |       ||    19
         Headbutt          |     3 |    22 |    49 |   116 |   135 |   278 |   278 |   425 |   402 ||  1708
         Whip              |    22 |   112 |   304 |   486 |       |       |       |       |       ||   924
         Punch             |       |     1 |    11 |    14 |       |       |       |       |       ||    26
         Great mace        |       |       |       |    91 |   597 |  1240 |   994 |   337 |       ||  3259
         Flail             |       |       |       |    18 |       |       |       |       |       ||    18
         Sacred scourge    |       |       |       |       |       |       |       |   331 |   127 ||   458
         Eveningstar       |       |       |       |       |       |       |       |   761 |  1170 ||  1931
  Throw: Boomerang         |     2 |     9 |    91 |   210 |   168 |   133 |   412 |   178 |   167 ||  1370
         Dart              |       |       |       |     5 |    22 |     6 |       |       |     2 ||    35
         Javelin           |       |       |       |       |       |    29 |    20 |    11 |   125 ||   185
 Invoke: Heroism           |       |       |       |     1 |     4 |     3 |     2 |     1 |     3 ||    14
         Receive Weapon    |       |       |       |     1 |       |       |       |       |       ||     1
         Receive Armour    |       |       |       |     1 |       |       |       |       |       ||     1
         Finesse           |       |       |       |       |     7 |    13 |    16 |     8 |    12 ||    56
Ability: Begin Untransform |     1 |       |     3 |     1 |       |       |       |       |       ||     5
  Evoke: Wand              |     1 |     4 |     7 |    27 |     7 |     9 |     5 |    12 |    17 ||    89
         Lightning rod     |       |       |       |       |       |       |    12 |    13 |    11 ||    36
         Phial of floods   |       |       |       |       |       |       |     1 |     1 |       ||     2
    Use: Scroll            |       |       |    12 |    14 |    16 |     9 |     9 |    21 |    19 ||   100
         Potion            |       |       |     6 |     4 |     2 |     3 |    11 |     7 |     6 ||    39
   Stab: Sleeping          |     1 |     3 |     1 |       |       |     1 |       |       |       ||     6
         Paralysed         |       |     3 |    14 |     7 |       |     3 |       |       |    18 ||    45
         Invisible         |       |       |       |     2 |     6 |       |       |       |     3 ||    11
         Held in net/web   |       |       |       |       |       |     1 |       |       |       ||     1
         Distracted        |       |       |       |       |       |       |       |     2 |       ||     2
         Petrified         |       |       |       |       |       |       |       |       |     8 ||     8
         Petrifying        |       |       |       |       |       |       |       |       |     1 ||     1
 Armour: Animal skin       |    16 |    48 |    24 |       |       |       |       |       |       ||    88
         Plate armour      |       |       |   324 |   121 |       |   606 |   122 |   672 |       ||  1845
         Ring mail         |       |       |       |   302 |   289 |   233 |       |       |       ||   824
         Storm dragon scal |       |       |       |       |       |       |   695 |    20 |       ||   715
         Gold dragon scale |       |       |       |       |       |       |       |   243 |   768 ||  1011
  Dodge: Dodged            |    25 |    55 |   162 |   263 |   203 |   471 |   383 |   402 |   322 ||  2286
  Block: Kite shield       |       |       |       |       |       |       |       |   814 |  1042 ||  1856
         Reflection        |       |       |       |       |       |       |       |    10 |    32 ||    42
   Form: Beast             |       |       |     3 |       |       |       |       |       |       ||     3

Table legend: (Time is in decaauts)
 A = Elapsed time spent in this place.
 B = Non-inter-level travel time spent in this place.
 C = Inter-level travel time spent in this place.
 D = Time resting spent in this place.
 E = Time spent auto-exploring this place.
 F = Levels seen in this place.
 G = Mean time per level.
                   A        B        C        D        E       F      G
               +--------+--------+--------+--------+--------+-----+--------+
         Total |  76369 |  69735 |   6634 |   3699 |  49756 |  60 | 1272.8 |
       Dungeon |  16241 |  13940 |   2301 |    222 |  10830 |  15 | 1082.7 |
        Temple |     38 |      1 |     37 |      0 |      0 |   1 |   38.0 |
          Lair |   5538 |   5043 |    495 |    269 |   3355 |   5 | 1107.6 |
         Swamp |   5901 |   5742 |    159 |     33 |   4940 |   4 | 1475.2 |
   Spider Nest |   5180 |   4808 |    372 |    250 |   3369 |   4 | 1295.0 |
  Orcish Mines |   1675 |   1397 |    278 |    140 |    790 |   2 |  837.5 |
   Elven Halls |   4290 |   4093 |    197 |    224 |   2959 |   3 | 1430.0 |
        Vaults |  11227 |  10300 |    927 |    419 |   8013 |   5 | 2245.4 |
         Crypt |   4970 |   4605 |    365 |    259 |   3256 |   3 | 1656.7 |
        Depths |   7787 |   7198 |    589 |    127 |   5474 |   4 | 1946.8 |
           Zot |   8162 |   7253 |    909 |    850 |   4400 |   5 | 1632.4 |
         Abyss |    617 |    617 |      0 |    145 |      6 |   2 |  308.5 |
         Trove |     45 |     45 |      0 |      0 |      3 |   1 |   45.0 |
         Sewer |    641 |    641 |      0 |      0 |    383 |   1 |  641.0 |
       Ossuary |    283 |    283 |      0 |      0 |    123 |   1 |  283.0 |
        Bailey |   2113 |   2113 |      0 |    510 |   1024 |   1 | 2113.0 |
      Ice Cave |    702 |    702 |      0 |    211 |    270 |   1 |  702.0 |
       Volcano |    282 |    282 |      0 |     36 |    163 |   1 |  282.0 |
      Gauntlet |    667 |    667 |      0 |      0 |    396 |   1 |  667.0 |
               +--------+--------+--------+--------+--------+-----+--------+

Top non-repeatable levels by time:
   Zot:4: 2853 daAuts
 Swamp:3: 2820 daAuts
Vaults:5: 2444 daAuts
Depths:1: 2408 daAuts
Vaults:4: 2359 daAuts
 Crypt:2: 2323 daAuts
   Zot:5: 2241 daAuts
Vaults:2: 2234 daAuts
Vaults:3: 2231 daAuts
  Bailey: 2113 daAuts
Depths:3: 2010 daAuts
Vaults:1: 1956 daAuts
   Elf:2: 1835 daAuts
Depths:2: 1780 daAuts
    D:15: 1775 daAuts
